 Dungeon Sprint DCSS version 0.25-a0-435-g4b9beb1024 (webtiles) character file.

Game seed: 8990411668320589654, levelgen mode: deterministic

2070 Baz the Imperceptible (level 9, -3/39 HPs)
             Began as a Spriggan Enchanter on Jan 29, 2020.
             Was a Priest of Okawaru.
             Slain by a sixfirhy (8 damage)
             ... summoned by a kobold demonologist
             ... in the Dungeon (Sprint I: "Red Sonja").
             The game lasted 00:04:04 (361 turns).

Baz the Imperceptible (Spriggan Enchanter)           Turns: 361, Time: 00:04:05

Health: -3/39      AC:  2    Str:  4    XL:     9   Next: 5%
Magic:  12/19      EV: 18    Int: 16    God:    Okawaru [***...]
Gold:   466        SH:  0    Dex: 20    Spells: 11/20 levels left

rFire    . . .     SeeInvis +   a - +1 dagger
rCold    . . .     Gourm    .   (shield restricted)
rNeg     . . .     Faith    .   b - +0 robe
rPois    .         Spirit   .   (helmet restricted)
rElec    .         Reflect  .   (no cloak)
rCorr    .         Harm     .   (gloves unavailable)
MR       +....     NoTele   +   (boots unavailable)
Stlth    ++++++++..             (no amulet)
HPRegen  0.13/turn              (no ring)
MPRegen  0.16/turn              (no ring)

@: very quick
A: very small, unfitting armour, see invisible, herbivore, speed 3, slow
metabolism 2
a: Heroism, Renounce Religion


You were in the Dungeon.
You worshipped Okawaru.
Okawaru was most pleased with you.
You were not hungry.

You visited 1 branch You collected 681 gold pieces.
You spent 215 gold pieces at shops.

Inventory:

Hand Weapons
 a - a +1 dagger (weapon)
 k - a +1 short sword of distortion
Missiles
 l - 5 curare-tipped darts (quivered)
Armour
 b - a +0 robe (worn)
 m - a +0 troll leather armour
 p - a +2 buckler of cold resistance
Scrolls
 j - a scroll of blinking
 n - a scroll of remove curse {unknown}
 o - a scroll of enchant weapon {unknown}
 q - a scroll of fog {unknown}
Potions
 c - a potion of flight {unknown}
 e - a potion of curing
 g - a potion of haste
 h - 2 potions of magic
 i - a potion of berserk rage
Comestibles
 d - 2 rations


   Skills:
 + Level 4.5 Short Blades
 - Level 3.0 Dodging
 - Level 22.1 Stealth
 + Level 2.4 Shields
 - Level 6.0 Spellcasting
 * Level 12.8 Hexes


You had 11 spell levels left.
You knew the following spells:

 Your Spells              Type           Power        Failure   Level  Hunger
a - Corona                Hex            #####..      1%          1    None
b - Ensorcelled Hibernat  Hex/Ice        ####..       1%          2    #......
c - Confusing Touch       Hex            #####...     1%          3    ##.....
d - Dazzling Flash        Conj/Hex       ####..       3%          3    ##.....

Your spell library contained the following spells:

 Spells                   Type           Power        Failure   Level  Hunger
 Tukima's Dance           Hex            #####...     1%          3    ##.....


Dungeon Overview and Level Annotations

Branches:
Dungeon (1/1)

Altars:
Cheibriados
Dithmenos
Elyvilon
Fedhas
Gozag
Hepliaklqana
Kikubaaqudgha
Makhleb
Nemelex Xobeh
Okawaru
Qazlal
Ru
Sif Muna
Trog
Uskayaw
Vehumet
Wu Jian
Xom
Yredelemnul
Zin
The Shining One
Jiyva
Lugonu

Shops:
D ![


Innate Abilities, Weirdness & Mutations

You are very small and have problems with some larger weapons.
You are too small for most types of armour.
You have supernaturally acute eyesight. (SInv)
You are a herbivore.
You cover ground extremely quickly.
You need to consume almost no food.


Message History

The hellwing disappears in a puff of smoke!
The ufetubus disappears in a puff of smoke! x2
Your Short Blades skill increases to level 4!
Your Shields skill increases to level 2!
You have reached level 9!
Your experience leads to an increase in your attributes!
Increase (S)trength, (I)ntelligence, or (D)exterity?
You feel agile. The sixfirhy misses you. The sixfirhy closely misses you.
The white imp hits you.
* * * LOW HITPOINT WARNING * * *
The white imp freezes you.
* * * LOW HITPOINT WARNING * * *
The sixfirhy misses you.
The kobold demonologist hits you but does no damage.
Unknown command.
You feel much better. The sixfirhy hits you! The sixfirhy shocks you!
* * * LOW HITPOINT WARNING * * *
The sixfirhy hits you!
You die...

#####################
)'..#.)'..#__#.5@35§#
.#.)'..#..'..'..#K5§#
###'#####'#__####.§§+
##..#...#.#### #####
_####..##.#
____##'#_.+
.∩...'†.†_#
..__##_.#'##+###
____###'#.#....###


You could see a kobold demonologist, a sixfirhy, a quasit, a white imp and a
shadow imp.

Vanquished Creatures
  Sonja (D)
  A deep troll (D)
  A kobold demonologist (D)
  A slime creature (D)
  Sigmund (D)
  A yak (D)
  A floating eye (D)
  An ogre (D)
  A jelly (D)
  Ijyb (D)
10 creatures vanquished.

Notes
Turn   | Place    | Note
-------+----------+-------------------------------------------
     0 | D        | Baz the Spriggan Enchanter began the quest for the Orb.
     0 | D        | Reached XP level 1. HP: 9/9 MP: 5/5
     1 | D        | Noticed Ijyb
     5 | D        | Killed Ijyb
     5 | D        | Reached skill level 9 in Stealth
     5 | D        | Reached XP level 2. HP: 13/13 MP: 6/6
    10 | D        | Learned a level 2 spell: Ensorcelled Hibernation
    10 | D        | Noticed an ogre
    13 | D        | Killed an ogre
    13 | D        | Reached skill level 14 in Stealth
    13 | D        | Reached XP level 3. HP: 16/16 MP: 8/8
    13 | D        | Reached XP level 4. HP: 21/21 MP: 9/9
    23 | D        | Noticed Sigmund
    27 | D        | Killed Sigmund
    27 | D        | Reached skill level 18 in Stealth
    27 | D        | Reached XP level 5. HP: 24/24 MP: 7/10
    27 | D        | Reached XP level 6. HP: 28/28 MP: 7/11
    75 | D        | Learned a level 3 spell: Confusing Touch
    79 | D        | Learned a level 3 spell: Dazzling Flash
    79 | D        | Found an ornate altar of the Wu Jian Council.
    79 | D        | Found a shimmering blue altar of Sif Muna.
    81 | D        | Found a radiant altar of Vehumet.
    96 | D        | Found Esetwootz's Distillery.
    96 | D        | Found an ancient bone altar of Kikubaaqudgha.
    96 | D        | Found a hazy altar of Hepliaklqana.
    96 | D        | Found a stormy altar of Qazlal.
    96 | D        | Found a hide-covered altar of Uskayaw.
    96 | D        | Found a blossoming altar of Fedhas.
    96 | D        | Found a bloodstained altar of Trog.
    96 | D        | Found an iron altar of Okawaru.
    96 | D        | Found a basalt altar of Yredelemnul.
    96 | D        | Found a glowing golden altar of the Shining One.
    96 | D        | Found a snail-covered altar of Cheibriados.
    96 | D        | Found a sacrificial altar of Ru.
    96 | D        | Found a glowing silver altar of Zin.
    96 | D        | Found a shadowy altar of Dithmenos.
    96 | D        | Found a white marble altar of Elyvilon.
    96 | D        | Noticed a yak
    97 | D        | Found an opulent altar of Gozag.
   105 | D        | Killed a yak
   105 | D        | Reached skill level 20 in Stealth
   123 | D        | Found a sparkling altar of Nemelex Xobeh.
   134 | D        | Became a worshipper of Warmaster Okawaru
   147 | D        | Noticed Sonja
   151 | D        | Killed Sonja
   151 | D        | Reached skill level 21 in Stealth
   151 | D        | Reached XP level 7. HP: 32/32 MP: 11/15
   151 | D        | Reached XP level 8. HP: 36/36 MP: 11/16
   190 | D        | Noticed a deep troll
   202 | D        | Killed a deep troll
   202 | D        | Reached * piety under Okawaru
   202 | D        | Reached ** piety under Okawaru
   202 | D        | Reached skill level 22 in Stealth
   290 | D        | Found Omezi's Armour Emporium.
   297 | D        | Bought a +2 buckler of cold resistance for 215 gold pieces
   323 | D        | Found a burning altar of Makhleb.
   323 | D        | Found a viscous altar of Jiyva.
   323 | D        | Found a shimmering altar of Xom.
   323 | D        | Found a corrupted altar of Lugonu.
   323 | D        | Noticed a slime creature
   326 | D        | Killed a slime creature
   326 | D        | Reached skill level 1 in Shields
   339 | D        | Noticed a kobold demonologist
   340 | D        | Noticed a kobold demonologist
   344 | D        | Noticed a hellwing
   345 | D        | Paralysed by a floating eye for 2 turns
   347 | D        | Noticed a sixfirhy
   360 | D        | Killed a kobold demonologist
   360 | D        | Reached *** piety under Okawaru
   360 | D        | Reached XP level 9. HP: 8/39 MP: 12/19
   361 | D        | Slain by a sixfirhy

Levels and vault maps discovered:
D:        dungeon_sprint_1 [red_sonja_temple_1, red_sonja_temple_small_1]

Skill      XL: |  1  2  3  4  5  6  7  8 |
---------------+-------------------------+-----
Stealth        | 9 14 18 21 22 | 22.1
Short Blades   | 2 4 |  4.5
Spellcasting   | 4 6 |  6.0
Hexes          | 9 12 | 12.8
Shields        | 2 |  2.4
Dodging        | |  3.0

Action                   |  1- 3 |  4- 6 |  7- 9 || total
-------------------------+-------+-------+-------++-------
Melee: Dagger            |     3 |     5 |    16 ||    24
 Cast: Ensorcelled Hiber |       |     3 |     5 ||     8
       Confusing Touch   |       |       |     2 ||     2
  Use: Potion            |       |       |     1 ||     1
 Stab: Sleeping          |     2 |     4 |     2 ||     8
       Confused          |       |       |     2 ||     2
Dodge: Dodged            |     1 |     2 |    11 ||    14

Table legend:
 A = Non-vault XP
 B = Vault XP
 C = Vault XP percentage of total XP
 D = Non-vault monster count
 E = Vault monster count
 F = Vault count percentage of total count
                 A         B        C        D         E       F
            +---------+---------+-------+---------+---------+-------
      Total |       0 |    2958 | 100.0 |       0 |      10 | 100.0
            +---------+---------+-------+---------+---------+-------
          D |       0 |    2958 | 100.0 |       0 |      10 | 100.0
            +---------+---------+-------+---------+---------+-------
